 Dungeon Crawl Stone Soup version 0.30-a0-371-gad7725a93e (webtiles) character file.

Game seed: 3787710558992093264

3505 FalseProphet the Fighter (level 9, -1/82 HPs)
             Began as a Yellow Draconian Berserker on Nov 22, 2022.
             Was an Elder of Trog.
             Slain by a hornet (13 damage)
             ... on level 8 of the Dungeon.
             The game lasted 00:09:36 (6432 turns).

FalseProphet the Fighter (DrBe)                     Turns: 6432, Time: 00:09:36

Health: -1/82      AC:  9    Str: 24    XL:     9   Next: 80%
Magic:  9/9        EV: 14    Int:  7    God:    Trog [****..]
Gold:   378        SH:  0    Dex: 11    Spells: 8/8 levels left

rFire   . . .      SeeInvis .    d - +3 scythe (protect)
rCold   . . .      Faith    .    (shield currently unavailable)
rNeg    . . .      Spirit   .    (body armour unavailable)
rPois   .          Reflect  .    (helmet restricted)
rElec   .          Harm     .    (no cloak)
rCorr   +          Rampage  .    (no gloves)
Will    .....                    n - +1 pair of boots
Stlth   ++........               (no amulet)
HPRegen 0.33/turn                (no ring)
MPRegen 0.11/turn                (no ring)

@: hasted and slowed
A: spit acid, AC +7, unfitting armour, cold-blooded, acid resistance
a: Breathe Acid, Renounce Religion, Berserk, Trog's Hand, Brothers in Arms


You were on level 8 of the Dungeon.
You worshipped Trog.
Trog was greatly pleased with you.
You visited 1 branch of the dungeon, and saw 8 of its levels.

You collected 378 gold pieces.

Inventory:

Hand Weapons
 a - a +0 hand axe
 d - a +3 scythe of protection (weapon)
Armour
 n - a +1 pair of boots (worn)
Jewellery
 o - an amulet of reflection
 q - an amulet of magic regeneration
 s - an amulet of the acrobat
Wands
 p - a wand of mindburst (18)
 r - a wand of digging (5)
 t - a wand of paralysis (6)
Scrolls
 c - 2 scrolls of blinking
 l - 3 scrolls of teleportation
Potions
 b - 3 potions of curing
 e - 3 potions of heal wounds
 f - 2 potions of haste
 g - 2 potions of flight
 h - 4 potions of lignification
 i - a potion of cancellation {unknown}
 j - a potion of magic {unknown}
 k - a potion of attraction {unknown}
 m - a potion of berserk rage {unknown}


   Skills:
 * Level 8.6 Fighting
 - Level 5.2(7.4) Axes
 + Level 8.3(9.0) Polearms
 * Level 6.6 Dodging
 + Level 3.3 Stealth


You had 8 spell levels left.
You didn't know any spells.
Your spell library was empty.

Dungeon Overview and Level Annotations

Branches:
Dungeon (8/15)             Temple (0/1) D:7
   Lair: D:8-11

Altars:
Hepliaklqana
Vehumet
Xom
Yredelemnul

Shops:
D:1 *

Annotations:
D:3 1 runed translucent door
D:8 Prince Ribbit


Innate Abilities, Weirdness & Mutations

You can spit globs of acid.
Your golden yellow scales are hard. (AC +7)
You cannot fit into any form of body armour.
You are cold-blooded and may be slowed by cold attacks.
You are resistant to acid. (rCorr)


Message History

You miss the hornet. You tail-slap the hornet.
The hornet is lightly wounded.
The hornet misses you. The hornet closely misses you.
You hit the hornet.
Your weapon exudes an aura of protection.
The hornet is lightly wounded.
The hornet stings you but does no damage. x2
You barely miss the hornet.
The hornet is lightly wounded.
You feel yourself speed up. The hornet completely misses you.
The hornet closely misses you.
You barely miss the hornet.
The hornet is lightly wounded.
The hornet stings you!
You are poisoned.
You suddenly lose the ability to move!
The hornet stings you!
You feel yourself slow down.
You feel very sick. The hornet stings you!
You are more poisoned.
You feel as though you will be slow longer.
You feel very sick. The hornet stings you!
* * * LOW HITPOINT WARNING * * *
You shrug off the repeated paralysis!
The hornet stings you.
* * * LOW HITPOINT WARNING * * *
You shrug off the repeated paralysis!
You can move again.
Unknown command.
You feel better. The hornet barely misses you.
The hornet stings you but does no damage.
You feel yourself speed up. The hornet stings you.
* * * LOW HITPOINT WARNING * * *
You are poisoned.
You feel as though you will be slow longer.
The hornet stings you!
* * * LOW HITPOINT WARNING * * *
You feel as though you will be slow longer.
You feel better. The hornet closely misses you. The hornet stings you!
You die...

##### #...#
#...########..
####.............
#....:...†#
#.........#
#......@..#
####..y#### #.>.#
#...# #..##
#######.####
...........####..
........#........
...........####..


You could see a hornet.

Vanquished Creatures
  Joseph (D:7)
  Sigmund (D:2)
  A wyvern (D:7)
  3 yaks (D:8)
  A sky beast (D:8)
  2 black bears
  4 ogres
  A centaur (D:5)
  3 bullfrogs
  2 necrophages
  8 wights
  3 scorpions
  2 killer bees (D:7)
  A howler monkey (D:4)
  4 crimson imps (D:4)
  A quasit (D:4)
  An orc priest (D:4)
  A jelly (D:5)
  4 iguanas
  3 orc wizards (D:5)
  Natasha (thrice) (D:2)
  5 adders
  5 shadow imps
  4 white imps
  4 ufetubi (D:4)
  2 worms
  2 dart slugs
  25 orcs
  7 endoplasms
  7 giant cockroaches
  3 goblins
  8 hobgoblins
  4 kobolds
  4 quokkas
  5 ball pythons
  8 bats
  3 frilled lizards
  A goblin zombie (D:3)
  A jackal skeleton (D:3)
  3 rats
  A spectral orc (D:4)
152 creatures vanquished.

Vanquished Creatures (others)
  An orc wizard (D:4)
  3 demonic plants (D:4)
4 creatures vanquished.

Grand Total: 156 creatures vanquished

Notes
Turn   | Place    | Note
-------+----------+-------------------------------------------
     0 | D:1      | FalseProphet the Draconian Berserker began the quest for
                  | the Orb.
     0 | D:1      | Reached XP level 1. HP: 19/19 MP: 1/1
    52 | D:1      | Found Guzix's Assorted Antiques.
   223 | D:1      | Reached XP level 2. HP: 18/26 MP: 2/2
   874 | D:2      | Noticed Natasha
   885 | D:2      | HP: 1/40 [Natasha/magic dart (11)]
   886 | D:2      | Killed Natasha
   887 | D:2      | Reached XP level 3. HP: 1/33 MP: 3/3
   926 | D:2      | Noticed Natasha
  1019 | D:2      | Killed Natasha
  1020 | D:2      | Reached XP level 4. HP: 32/41 MP: 4/4
  1028 | D:2      | Noticed Natasha
  1039 | D:2      | Killed Natasha
  1188 | D:2      | Reached ** piety under Trog
  1377 | D:2      | Noticed Sigmund
  1388 | D:2      | Killed Sigmund
  1389 | D:2      | Reached skill level 5 in Fighting
  1389 | D:2      | Reached skill level 1 in Stealth
  1389 | D:2      | Reached XP level 5. HP: 32/48 MP: 5/5
  1693 | D:2      | Reached XP level 6. HP: 56/56 MP: 6/6
  1912 | D:3      | Reached skill level 5 in Axes
  2107 | D:3      | Found a runed translucent door.
  2107 | D:3      | Noticed a human
  2116 | D:3      | Found a basalt altar of Yredelemnul.
  2568 | D:3      | Reached skill level 1 in Polearms
  2883 | D:4      | Your scales start taking on a golden yellow colour.
  2883 | D:4      | Reached XP level 7. HP: 62/62 MP: 7/7
  2883 | D:4      | Gained mutation: You are resistant to acid. (rCorr) [Yellow
                  | Draconian growth]
  2944 | D:4      | Reached *** piety under Trog
  3012 | D:4      | Found a shimmering altar of Xom.
  3294 | D:4      | Found a hazy altar of Hepliaklqana.
  3505 | D:5      | Entered Level 5 of the Dungeon
  3559 | D:5      | Reached XP level 8. HP: 66/71 MP: 8/8
  3815 | D:5      | Reached skill level 5 in Polearms
  3947 | D:5      | Found a radiant altar of Vehumet.
  4434 | D:6      | Reached skill level 5 in Dodging
  4706 | D:6      | Reached **** piety under Trog
  5508 | D:7      | Reached XP level 9. HP: 75/79 MP: 9/9
  5549 | D:7      | Noticed Joseph
  5559 | D:7      | Killed Joseph
  5862 | D:7      | Found a staircase to the Ecumenical Temple.
  6061 | D:8      | Noticed Prince Ribbit
  6422 | D:8      | Paralysed by a hornet for 2 turns
  6427 | D:8      | Paralysed by a hornet for 3 turns
  6432 | D:8      | Slain by a hornet

Illustrated notes

Levels and vault maps discovered:
D:1:      roderic_chinese_lattice_arrival, layout_loops_ring, serial_shops,
          nicolae_shop_advertising_works [nicolae_subvault_shop_adworks]
D:2:      layout_rooms, uniq_sigmund, uniq_natasha
D:3:      minmay_inner_zag, layout_loops_ring, dk_yredelemnul_ordeal,
          patterned_corridor
D:4:      layout_cave_pools, nicolae_hepliaklqana_monster_ancestors,
          led_xom_imps, serial_demonic, serial_demonic_b, serial_demonic_a,
          serial_demonic_b, serial_demonic_g, serial_demonic_a,
          serial_demonic_d, serial_demonic_b
D:5:      layout_gridville, nicolae_vehumet_radiance, kennysheep_generic_room_11
D:6:      layout_loops_ring, cheibrodos_sewer_entry_bend
D:7:      layout_cave_pools, temple_hall, uniq_joseph
D:8:      layout_loops_cross, uniq_pikel, uniq_prince_ribbit1

Skill      XL: |  1  2  3  4  5  6  7  8  9 |
---------------+----------------------------+-----
Fighting       | 4 5 6 7 8 |  8.6
Dodging        | 3 4 5 6 |  6.6
Axes           | 4 5 |  5.2
Stealth        | 1 2 3 |  3.3
Polearms       | 2 4 6 8 |  8.3

Action                   |  1- 3 |  4- 6 |  7- 9 || total
-------------------------+-------+-------+-------++-------
Melee: Hand axe          |    72 |    54 |       ||   126
       Tailslap          |     8 |    13 |    27 ||    48
       Punch             |     1 |     2 |       ||     3
       Halberd           |       |    93 |   309 ||   402
Invok: Berserk           |     1 |     2 |     3 ||     6
 Abil: Breathe Acid      |       |       |     1 ||     1
  Use: Scroll            |     3 |     5 |     6 ||    14
       Potion            |       |       |     3 ||     3
 Stab: Sleeping          |     2 |     4 |     3 ||     9
Armor: Skin              |    14 |    60 |   124 ||   198
Dodge: Dodged            |    34 |   101 |   259 ||   394

Table legend: (Time is in decaauts)
 A = Elapsed time spent in this place.
 B = Non-inter-level travel time spent in this place.
 C = Inter-level travel time spent in this place.
 D = Time resting spent in this place.
 E = Time spent auto-exploring this place.
 F = Levels seen in this place.
 G = Mean time per level.
                   A        B        C        D        E       F      G
               +--------+--------+--------+--------+--------+-----+--------+
         Total |   6615 |   6343 |    272 |    582 |   4559 |   8 |  826.9 |
       Dungeon |   6615 |   6343 |    272 |    582 |   4559 |   8 |  826.9 |
               +--------+--------+--------+--------+--------+-----+--------+

Top non-repeatable levels by time:
     D:3: 1070 daAuts
     D:1: 1050 daAuts
     D:6: 980 daAuts
     D:5: 933 daAuts
     D:7: 891 daAuts
     D:2: 783 daAuts
     D:4: 714 daAuts
     D:8: 190 daAuts
